 Dungeon Crawl Stone Soup version 0.24-a0-252-g5076262 (webtiles) character file.

Game seed: 6264801479646634634

1061 Ijustatesigmund the Chopper (level 8, -5/56 HPs)
             Began as an Octopode Fighter on Apr 17, 2019.
             Slain by a bullfrog (7 damage)
             ... on level 6 of the Dungeon.
             The game lasted 00:07:42 (3535 turns).

Ijustatesigmund the Chopper (Octopode Fighter)      Turns: 3535, Time: 00:07:43

Health: -5/56      AC:  3    Str: 16    XL:     8   Next: 27%
Magic:  8/8        EV: 13    Int: 10    God:
Gold:   193        SH: 11    Dex: 13    Spells: 6/7 levels left

rFire    . . .     SeeInvis +   a - +1 war axe
rCold    . . .     Gourm    .   b - +2 shield
rNeg     . . .     Faith    .   j - +2 hat
rPois    .         Spirit   .   (no amulet)
rElec    .         Reflect  .   (no ring)
rCorr    .         Harm     .   (no ring)
MR       .....                  (no ring)
Stlth    ++........             (no ring)
HPRegen  0.18/turn              (no ring)
MPRegen  0.11/turn              (no ring)
                                (no ring)
                                (no ring)

@: hasted, very quick
A: almost no armour, stealthy swim, amphibious, 8 rings, constrict 8, camouflage
1, see invisible, wild magic 1, gelatinous body 1
a: no special abilities


You were on level 6 of the Dungeon.
You were not hungry.

You visited 1 branch of the dungeon, and saw 6 of its levels.

You collected 193 gold pieces.

Inventory:

Hand Weapons
 a - a +1 war axe (weapon)
 k - a +3 mace
Armour
 b - a +2 shield (worn)
 j - a +2 hat (worn)
Wands
 g - a wand of enslavement (4)
Scrolls
 e - 6 scrolls of remove curse
 l - 3 scrolls of amnesia
Potions
 f - 2 potions of resistance
 h - a potion of haste
 n - a potion of might
Comestibles
 c - 3 chunks of flesh
 d - 14 rations


   Skills:
 + Level 5.5 Fighting
 + Level 5.8 Axes
 + Level 4.9 Dodging
 + Level 4.9 Shields
 + Level 1.6 Translocations


You had 6 spell levels left.
You knew the following spells:

 Your Spells              Type           Power        Failure   Level  Hunger
a - Apportation           Tloc           #.....       67%         1    ##.....

Your spell library contained the following spells:

 Spells                   Type           Power        Failure   Level  Hunger
 Animate Skeleton         Necr           N/A          86%         1    ##.....
 Confusing Touch          Hex            #.....       86%         1    ##.....
 Summon Small Mammal      Summ           #...         86%         1    ##.....


Dungeon Overview and Level Annotations

Branches:
Dungeon (6/15)             Temple (0/1) D:4

Altars:
Ru
Uskayaw
Xom


Innate Abilities, Weirdness & Mutations

You cannot wear most types of armour.
You are very stealthy in the water. (Stealth+)
You are amphibious.
You can wear up to eight rings at the same time.
You can use your tentacles to constrict eight enemies at once.
Your skin changes colour to match your surroundings (Stealth+).
Your rubbery body absorbs attacks. (AC +1, EV +1)
You have supernaturally acute eyesight. (SInv)
Your spells are a little harder to cast, but a little more powerful.


Message History

You are too injured to fight recklessly!
You are too injured to fight recklessly!
You are too injured to fight recklessly!
You are too injured to fight recklessly!
You slash the bullfrog! Your grab misses the bullfrog.
Your squeeze misses the bullfrog.
The bullfrog is heavily wounded.
You hit the orc warrior but do no damage.
You constrict the orc warrior, but do no damage.
You block the bullfrog's attack. The orc warrior completely misses you.
The bullfrog hits you but does no damage.
It was a potion of magic.
Magic courses through your body.
You constrict the orc warrior.
The orc warrior hits you with a +0 hand axe!!
* * * LOW HITPOINT WARNING * * *
The bullfrog closely misses you.
A howler monkey skeleton comes into view.
You feel yourself speed up.
You constrict the orc warrior. The bullfrog hits you!
You die...

................#
######.<..........#
.#...#............#
.#...###'####.....#
##...#......#.....#
##...#......#.....#
#....#......#.....#
#....'......#.....#
'....#......#..F@.#
##...##.....#..o..#
##...########.....#
.#....o #.....#
.#...... #.....#
.#....... #.....#
.#....... '.....#
.# Z#.....# .#


You could see an orc warrior, a bullfrog and a howler monkey skeleton.

Vanquished Creatures
  Prince Ribbit (D:5)
  A phantom (D:5)
  An ogre (D:5)
  A centaur (D:5)
  A bullfrog (D:4)
  A scorpion (D:5)
  A crimson imp (D:5)
  Crazy Yiuf (D:5)
  3 hounds
  2 orc wizards
  A centaur skeleton (D:4)
  Jessica (D:2)
  3 worker ants
  A worker ant zombie (D:6)
  A howler monkey skeleton (D:5)
  7 adders
  4 worms
  A dart slug (D:1)
  5 leopard geckos
  8 orcs
  A ball python (D:1)
  3 bats (D:2)
  3 giant cockroaches
  10 goblins
  6 hobgoblins
  6 jackals
  2 quokkas (D:3)
  5 frilled lizards
  6 kobolds
  6 rats
93 creatures vanquished.

Vanquished Creatures (others)
  5 dream sheep (D:4)
5 creatures vanquished.

Grand Total: 98 creatures vanquished

Notes
Turn   | Place    | Note
-------+----------+-------------------------------------------
     0 | D:1      | Ijustatesigmund the Octopode Fighter began the quest for
                  | the Orb.
     0 | D:1      | Reached XP level 1. HP: 16/16 MP: 1/1
    78 | D:1      | Reached XP level 2. HP: 21/21 MP: 2/2
   305 | D:1      | Reached XP level 3. HP: 26/26 MP: 3/3
   885 | D:2      | Gained mutation: Your spells are a little harder to cast,
                  | but a little more powerful. [potion of mutation]
   885 | D:2      | Gained mutation: You have supernaturally acute eyesight.
                  | (SInv) [potion of mutation]
   944 | D:2      | Noticed Jessica
   948 | D:2      | Killed Jessica
   948 | D:2      | Reached XP level 4. HP: 32/32 MP: 4/4
  1193 | D:2      | Learned a level 1 spell: Apportation
  1482 | D:3      | Reached XP level 5. HP: 36/37 MP: 5/5
  1565 | D:3      | Reached skill level 1 in Translocations
  1898 | D:4      | Reached XP level 6. HP: 44/44 MP: 6/6
  1979 | D:4      | Found a staircase to the Ecumenical Temple.
  2017 | D:4      | Found a sacrificial altar of Ru.
  2108 | D:4      | Noticed a dream sheep
  2108 | D:4      | Noticed a dream sheep
  2108 | D:4      | Noticed a dream sheep
  2108 | D:4      | Noticed a dream sheep
  2108 | D:4      | Noticed a dream sheep
  2108 | D:4      | Found a shimmering altar of Xom.
  2113 | D:4      | Killed a dream sheep
  2113 | D:4      | Killed a dream sheep
  2114 | D:4      | Killed a dream sheep
  2114 | D:4      | Killed a dream sheep
  2114 | D:4      | Killed a dream sheep
  2338 | D:5      | Entered Level 5 of the Dungeon
  2403 | D:5      | Reached XP level 7. HP: 29/49 MP: 7/7
  2403 | D:5      | Reached skill level 5 in Axes
  2692 | D:5      | Found a hide-covered altar of Uskayaw.
  2772 | D:5      | Noticed Prince Ribbit
  2778 | D:5      | Killed Prince Ribbit
  2778 | D:5      | Reached skill level 5 in Fighting
  2874 | D:5      | Reached XP level 8. HP: 55/55 MP: 8/8
  2993 | D:5      | Found a runed translucent door.
  2994 | D:5      | Noticed Crazy Yiuf
  3002 | D:5      | Killed Crazy Yiuf
  3534 | D:6      | HP: 2/56 [orc warrior/+0 hand axe (18)]
  3535 | D:6      | Slain by a bullfrog

Levels and vault maps discovered:
D:1:      noname_arrival_rooms_in_the_neighbourhood, layout_basic,
          chequers_serial_rivers_micro_c
D:2:      layout_loops_cross, uniq_jessica
D:3:      layout_rooms, first_ration
D:4:      layout_cave_pools, kb_xom_exploding_sheep, lemuel_doored_altar,
          temple_doors_e, grunt_ministairs_12
D:5:      layout_basic, old_standard_altar, uniq_prince_ribbit1,
          uniq_crazy_yiuf_cottage
D:6:      layout_gridville, old_standard_altar, portal_sewer_entry_b

Skill      XL: |  1  2  3  4  5  6  7 |
---------------+----------------------+-----
Axes           | 3 4 5 |  5.8
Translocations | 1 |  1.6
Fighting       | 4 5 |  5.5
Dodging        | 4 |  4.9
Shields        | 4 |  4.9

Action                   |  1- 3 |  4- 6 |  7- 9 || total
-------------------------+-------+-------+-------++-------
Melee: War axe           |    57 |    75 |    54 ||   186
       Constrict         |    15 |    23 |    14 ||    52
       Tentacles         |     6 |    17 |    10 ||    33
  Use: Scroll            |     7 |     2 |     1 ||    10
       Potion            |     1 |       |     4 ||     5
 Stab: Sleeping          |     4 |     5 |     2 ||    11
  Eat: Chunk             |       |     5 |     3 ||     8
Armor: Skin              |     2 |    14 |     4 ||    20
Dodge: Dodged            |    27 |    39 |    23 ||    89
Block: Shield            |    12 |    53 |    20 ||    85

Table legend:
 A = Non-vault XP
 B = Vault XP
 C = Vault XP percentage of total XP
 D = Non-vault monster count
 E = Vault monster count
 F = Vault count percentage of total count
                 A         B        C        D         E       F
            +---------+---------+-------+---------+---------+-------
      Total |    1153 |     364 |  24.0 |      89 |       4 |   4.3
            +---------+---------+-------+---------+---------+-------
        D:1 |      40 |       0 |   0.0 |      21 |       0 |   0.0
        D:2 |      39 |      37 |  48.7 |      15 |       1 |   6.2
        D:3 |      79 |       0 |   0.0 |      18 |       0 |   0.0
        D:4 |     228 |      39 |  14.6 |      15 |       1 |   6.2
        D:5 |     666 |     288 |  30.2 |      15 |       2 |  11.8
        D:6 |     101 |       0 |   0.0 |       5 |       0 |   0.0
            +---------+---------+-------+---------+---------+-------
